 Dungeon Crawl Stone Soup version 0.22.0-18-ge075c0d (webtiles) character file.

1677662 Mesmaeker13 the Opulent (level 27, 215/215 HPs)
             Began as a Gnoll Artificer on Aug 18, 2018.
             Was an Initiate of Gozag.
             Escaped with the Orb
             ... and 3 runes!
             The game lasted 02:55:27 (67453 turns).

Mesmaeker13 the Opulent (Gnoll Artificer)          Turns: 67453, Time: 02:55:28

Health: 215/215    AC: 51    Str: 28    XL:     27
Magic:  44/44      EV: 19    Int: 14    God:    Gozag
Gold:   7371       SH: 29    Dex: 24    Spells: 50/60 levels left

rFire    + + .     SeeInvis +   d - +2 eudemon blade (holy)
rCold    + . .     Gourm    .   r - +5 shield {AC+3}
rNeg     . . .     Faith    .   K - +12 gold dragon scales
rPois    +         Spirit   .   I - +1 helmet "Nuog" {rElec Dex+2}
rElec    +         Reflect  +   E - +1 cloak "Wociafasm" {rPois Slay+3}
rCorr    .         Harm     .   w - +1 pair of gloves of Activism {Regen+ Slay+4 SInv Stlth+}
MR       ++++.                  Y - +1 pair of boots of the Hare {MR+ Str+4}
Stlth    +.........             h - brooch of Shielding {Reflect SH+8}
HPRegen  1.85/turn              y - ring "Bazior Segoo" {rF+ Dex+3}
MPRegen  0.29/turn              z - ring of protection from magic

@: regenerating
A: distributed training, fangs 1, icy blue scales 1, slimy green scales 1,
poison resistance, strong nose
0: Orb of Zot
}: 3/15 runes: decaying, silver, gossamer
a: Potion Petition, Call Merchant, Bribe Branch, Renounce Religion


You escaped.
You worshipped Gozag.
Gozag was greatly pleased with you.
You were hungry.

You visited 9 branches of the dungeon, and saw 49 of its levels.
You visited 1 bazaar.
You also visited: Trove, Sewer and Ossuary.

You collected 28536 gold pieces.
You spent 5229 gold pieces at shops.
You paid 15936 gold pieces to Gozag.

Inventory:

Hand Weapons
 d - a +2 eudemon blade of holy wrath (weapon)
 L - the +12 morningstar "Utec" {flame, rPois rF+}
   (You took it off a deep elf elementalist on level 3 of the Elven Halls)

   It has been specially enchanted to burn those struck by it, causing extra
   injury to most foes and up to half again as much damage against particularly
   susceptible opponents.
   It protects you from fire.
   It protects you from poison.
Missiles
 a - 4 throwing nets (quivered)
Armour
 c - the +2 cloak "Kitu" {+Blink rF+ rC+}
   (You bought it in a shop on level 9 of the Dungeon)

   It protects you from fire.
   It protects you from cold.
   It lets you blink.
 r - a +5 shield of protection (worn)
 w - the +1 pair of gloves of Activism (worn) {Regen+ Slay+4 SInv Stlth+}
   (You found it on level 1 of the Depths)

   It affects your accuracy and damage with ranged weapons and melee attacks
   (+4).
   It lets you see invisible.
   It increases your rate of regeneration.
   It makes you more stealthy.
 E - the +1 cloak "Wociafasm" (worn) {rPois Slay+3}
   (You bought it in a shop on level 14 of the Dungeon)

   It affects your accuracy and damage with ranged weapons and melee attacks
   (+3).
   It protects you from poison.
 I - the +1 helmet "Nuog" (worn) {rElec Dex+2}
   (You bought it in a shop in a bazaar)

   It affects your dexterity (+2).
   It insulates you from electricity.
 K - +12 gold dragon scales (worn)
 P - the +8 plate armour "Micoup" {+Fly rCorr Str-2 Int+5}
   (You bought it in a shop on level 9 of the Dungeon)

   It affects your strength (-2).
   It affects your intelligence (+5).
   It lets you fly.
   It provides partial protection from all sources of acid and corrosion.
 Y - the +1 pair of boots of the Hare (worn) {MR+ Str+4}
   (You bought it in a shop on level 9 of the Dungeon)

   It affects your strength (+4).
   It affects your resistance to hostile enchantments.
Jewellery
 h - the brooch of Shielding (around neck) {Reflect SH+8}
   (You found it on level 9 of the Dungeon)

   [amulet of reflection]

   It shields you and reflects attacks.
   It affects your SH (+8).
 u - a +5 ring of evasion
 x - an uncursed ring of positive energy
 y - the ring "Bazior Segoo" (left hand) {rF+ Dex+3}
   (You took it off a deep elf annihilator on level 5 of the Vaults)

   [ring of protection from fire]

   It affects your dexterity (+3).
   It protects you from fire.
 z - a ring of protection from magic (right hand)
 O - an uncursed amulet of rage
Wands
 F - a wand of digging (16)
Scrolls
 g - a scroll of enchant weapon
 i - 3 scrolls of fog
 l - 3 scrolls of fear
 n - 7 scrolls of teleportation
 q - 20 scrolls of remove curse
 t - a scroll of magic mapping
 v - 4 scrolls of blinking
 U - 3 scrolls of identify
 Z - a scroll of brand weapon
Potions
 b - 5 potions of haste
 e - 3 potions of might
 j - 8 potions of flight
 k - a potion of mutation
 o - 4 potions of magic
 s - 11 potions of curing
 A - 4 potions of brilliance
 D - a potion of resistance
 J - 2 potions of agility
 M - a potion of cancellation
 R - a potion of ambrosia
 V - a potion of invisibility
 W - 2 potions of berserk rage
Miscellaneous
 B - a phantom mirror
 H - a box of beasts
 S - a lamp of fire
Comestibles
 f - 12 rations


   Skills:
 + Level 17.2 Fighting
 + Level 17.2 Short Blades
 + Level 17.1 Long Blades
 + Level 17.1 Axes
 + Level 17.1 Maces & Flails
 + Level 17.1 Polearms
 + Level 17.1 Staves
 + Level 17.1 Slings
 + Level 17.1 Bows
 + Level 17.1 Crossbows
 + Level 17.1 Throwing
 + Level 17.1 Armour
 + Level 17.5 Dodging
 + Level 17.2 Stealth
 + Level 17.1 Shields
 + Level 17.1 Unarmed Combat
 + Level 17.1 Spellcasting
 + Level 14.7 Conjurations
 + Level 14.7 Hexes
 + Level 14.7 Charms
 + Level 14.7 Summonings
 + Level 14.7 Necromancy
 + Level 14.7 Translocations
 + Level 14.7 Transmutations
 + Level 14.7 Fire Magic
 + Level 14.7 Ice Magic
 + Level 14.7 Air Magic
 + Level 14.7 Earth Magic
 + Level 14.7 Poison Magic
 + Level 18.4 Invocations
 + Level 17.9 Evocations


You had 50 spell levels left.
You knew the following spells:

 Your Spells              Type           Power        Failure   Level  Hunger
a - Spectral Weapon       Hex/Chrm       ######..     1%          3    None
b - Regeneration          Chrm/Necr      ######....   1%          3    None
c - Animate Dead          Necr           N/A          1%          4    #......

Your spell library contained the following spells:

 Spells                   Type           Power        Failure   Level  Hunger
 Animate Skeleton         Necr           N/A          1%          1    None
 Apportation              Tloc           ######       1%          1    None
 Confusing Touch          Hex            ######       1%          1    None
 Corona                   Hex            ######.      1%          1    None
 Freeze                   Ice            ####         1%          1    None
 Magic Dart               Conj           ####         1%          1    None
 Pain                     Necr           ####         1%          1    None
 Sandblast                Erth           ######       1%          1    None
 Shock                    Conj/Air       ####         1%          1    None
 Sting                    Conj/Pois      ####         1%          1    None
 Summon Butterflies       Summ           ######..     1%          1    None
 Summon Small Mammal      Summ           ####         1%          1    None
 Blink                    Tloc           N/A          1%          2    None
 Call Imp                 Summ           ######..     1%          2    None
 Passwall                 Tmut/Erth      ######..     1%          2    None
 Poisonous Vapours        Pois/Air       ######       1%          2    None
 Searing Ray              Conj           ######       1%          2    None
 Shroud of Golubria       Chrm/Tloc      ######....   1%          2    None
 Slow                     Hex            ######..     1%          2    None
 Song of Slaying          Chrm           ######..     1%          2    None
 Sublimation of Blood     Necr           ######....   1%          2    None
 Swiftness                Chrm/Air       ######..     1%          2    None
 Throw Flame              Conj/Fire      ######       1%          2    None
 Throw Frost              Conj/Ice       ######       1%          2    None
 Call Canine Familiar     Summ           ######..     1%          3    None
 Confuse                  Hex            ######..     1%          3    None
 Conjure Flame            Conj/Fire      ######..     1%          3    None
 Dazzling Spray           Conj/Hex       ######       1%          3    None
 Gell's Gravitas          Tloc           ######....   1%          3    None
 Ignite Poison            Fire/Tmut/Pois ######..     1%          3    None
 Inner Flame              Hex/Fire       ######..     1%          3    None
 Lesser Beckoning         Tloc           ######....   1%          3    None
 Mephitic Cloud           Conj/Pois/Air  ######..     1%          3    None
 Ozocubu's Armour         Chrm/Ice       ######..     1%          3    None
 Portal Projectile        Hex/Tloc       ######       1%          3    None
 Recall                   Summ/Tloc      N/A          1%          3    None
 Spider Form              Tmut/Pois      ######....   1%          3    None
 Static Discharge         Conj/Air       ######..     1%          3    None
 Stone Arrow              Conj/Erth      ######       1%          3    None
 Summon Guardian Golem    Hex/Summ       ######..     1%          3    None
 Teleport Other           Tloc           ######..     1%          3    None
 Tukima's Dance           Hex            ######..     1%          3    None
 Vampiric Draining        Necr           ######....   1%          3    None
 Airstrike                Air            ######....   1%          4    #......
 Cause Fear               Hex            ######....   1%          4    #......
 Force Lance              Conj/Tloc      ######..     1%          4    #......
 Fulminant Prism          Conj/Hex       ######....   1%          4    #......
 Ice Form                 Ice/Tmut       ######..     1%          4    #......
 Iskenderun's Mystic Bla  Conj           ######..     1%          4    #......
 Leda's Liquefaction      Hex/Erth       ######....   1%          4    #......
 Olgreb's Toxic Radiance  Pois           ######..     1%          4    #......
 Petrify                  Tmut/Erth      ######..     1%          4    #......
 Sticky Flame             Conj/Fire      ######..     1%          4    #......
 Summon Ice Beast         Ice/Summ       ######..     1%          4    #......
 Summon Lightning Spire   Summ/Air       ######..     1%          4    #......
 Throw Icicle             Conj/Ice       ######..     1%          4    #......
 Alistair's Intoxication  Tmut/Pois      ######..     4%          5    ####...
 Aura of Abjuration       Summ           ######....   4%          5    ####...
 Bolt of Magma            Conj/Fire/Erth ######....   4%          5    ####...
 Irradiate                Conj/Tmut      ######....   4%          5    ####...
 Iskenderun's Battlesphe  Conj/Chrm      ######..     4%          5    ####...
 Lee's Rapid Deconstruct  Erth           ######....   4%          5    ####...
 Lightning Bolt           Conj/Air       ######....   4%          5    ####...
 Metabolic Englaciation   Hex/Ice        ######....   4%          5    ####...
 Summon Demon             Summ           ######....   4%          5    ####...
 Summon Forest            Summ/Tloc      ######....   4%          5    ####...
 Summon Mana Viper        Hex/Summ       ######..     4%          5    ####...
 Venom Bolt               Conj/Pois      ######....   4%          5    ####...
 Yara's Violent Unravell  Hex/Tmut       ######....   4%          5    ####...
 Bolt of Cold             Conj/Ice       ######....   28%         6    ######.
 Freezing Cloud           Conj/Ice/Air   ######....   28%         6    ######.
 Hydra Form               Tmut           ######....   28%         6    ######.
 Invisibility             Hex            ######..     28%         6    ######.
 Iron Shot                Conj/Erth      ######....   28%         6    ######.
 Ozocubu's Refrigeration  Ice            ######....   28%         6    ######.
 Poison Arrow             Conj/Pois      ######....   28%         6    ######.
 Shadow Creatures         Summ           N/A          28%         6    ######.
 Simulacrum               Ice/Necr       ######....   28%         6    ######.
 Statue Form              Tmut/Erth      ######...    28%         6    ######.
 Dragon Form              Tmut           ######....   83%         7    #######
 Orb of Destruction       Conj           ######....   83%         7    #######
 Ring of Flames           Chrm/Fire      ######....   83%         7    #######
 Spellforged Servitor     Conj/Summ      ######....   83%         7    #######
 Summon Hydra             Summ           ######....   83%         7    #######
 Chain Lightning          Conj/Air       ######....   100%        8    #######
 Lehudib's Crystal Spear  Conj/Erth      ######....   100%        8    #######
 Fire Storm               Conj/Fire      ######....   100%        9    #######
 Glaciate                 Conj/Ice       ######....   100%        9    #######
 Passage of Golubria      Tloc           Unusable     N/A         4    N/A

Dungeon Overview and Level Annotations

Branches:
Dungeon (15/15)            Temple (0/1) D:7            Lair (6/6) D:9
  Swamp (4/4) Lair:3       Spider (4/4) Lair:2        Slime (0/5) Lair:5
    Orc (2/2) D:12            Elf (3/3) Orc:2        Vaults (5/5) D:14
 Depths (5/5) D:15            Zot (5/5) Depths:5
  Crypt: Vaults:2-3

Altars:
Ashenzari
Elyvilon
Gozag
Hepliaklqana
Kikubaaqudgha
Makhleb
Nemelex Xobeh
Okawaru
Ru
Trog
Uskayaw
Vehumet
Wu Jian
Xom
Yredelemnul
Zin
The Shining One
Beogh
Lugonu

Shops:
D:5 :   D:7 }   D:9 *[(   D:14 *   Orc:1 ((}   Orc:2 (!!:   Elf:1 :
Vaults:1 =   Vaults:2 }   Vaults:3 }   Vaults:4 [   Vaults:5 [   Depths:4 ?

Portals:
Hell: Depths:1 Depths:2 Depths:3 Depths:4 Depths:5
Abyss: Depths:1 Depths:2 Depths:4 Depths:5
Pandemonium: Depths:3
Ziggurat: Depths:1

Annotations:
D:6 Prince Ribbit
D:14 1 runed door, Pusat's ghost, journeyman GrFi
Swamp:4 1 exclusion
Spider:4 1 exclusion
Elf:3 1 exclusion
Vaults:4 SKei0's ghost, adept MiFi
Depths:4 Sojobo


Innate Abilities, Weirdness & Mutations

Your experience applies equally to all skills.
You have very sharp teeth.
Your uncanny sense of smell can sniff out nearby items.
You are partially covered in icy blue scales. (AC +2)
You are partially covered in slimy green scales. (AC +2)
Your system is resistant to poisons. (rPois)


Message History

A torturous demonspawn comes into view. It is wielding a great sword.
The torturous demonspawn is no longer distracted by gold.
A chaos spawn comes into view.
An infernal corrupter comes into view. It is wielding a dire flail.
A crimson imp comes into view.
The crimson imp shouts!
The chaos spawn roars!
A monstrous warmonger comes into view.
A neqoxec comes into view.
Casting: Regeneration (safe; 1% risk of failure)
Confirm with . or Enter, or press ? or * to list all spells.
Your skin crawls.
Your extra speed is starting to run out.
You feel yourself slow down.
Evoke which item? (* to show all) (? for menu, Esc to quit)
Aiming: Dig
Press: ? - help, Shift-Dir - straight line A rock wall.
This square is covered in magical glow.
The rock shatters into small pieces.
There is a staircase leading out of the dungeon here.
You have escaped!

#.# ##################### #.#
#.....'..$6.36....... #.#
##....##..⌠$##...#### #.#
##(..###...###...## #.# ##..#
##..# ##&..## #.# ##.# ##.#
##...# #.# #####'#####'# ##...
#.# #.....'.....# ##.. ##.#
##..@.##....# ##. ##.#'####
##...###...# ## #.......# ##..#
##..# # ##........### ##.# ##.#
..'.......'.### #.# ###
.##.......#.#.###.###############
######+####.#....................
######......#........###..#######
....................>##...#


There were no monsters in sight!

Vanquished Creatures
  2 orbs of fire (Zot:5)
  2 ancient liches
  Mennas (Depths:4)
  3 juggernauts (Depths:3)
  2 Killer Klowns
  7 caustic shrikes
  A curse toe (Zot:5)
  The ghost of Turo the Warrior, an adept OgFE of Kikubaaqudgha (Depths:5)
  The ghost of Dahy the Warrior, an adept OgFE of Kikubaaqudgha (Depths:4)
  9 golden dragons
  Nikola (Lair:3)
  A profane servitor (Zot:3)
  2 bone dragons
  An electric golem (Zot:5)
  A hellephant (D:15)
  7 tentacled monstrosities
  4 liches
  12 Orb Guardians
  A titan (Vaults:5)
  A deep elf blademaster (Elf:3)
  3 quicksilver dragons
  Kirke (Spider:3)
  A deep elf master archer (Elf:3)
  4 sphinxes
  An Executioner (Depths:2)
  A death cob (Zot:1)
  6 tengu reavers
  2 thorn hunters (Swamp:3)
  Agnes (D:14)
  A draconian monk (Zot:4)
  7 shadow dragons
  5 storm dragons
  3 draconian knights
  6 fire giants
  13 frost giants
  A frost giant (shapeshifter) (Vaults:5)
  10 vault wardens
  8 ghost moths
  5 deep elf sorcerers
  2 balrugs
  A warmonger (D:1)
  An orc warlord (D:12)
  Louise (Depths:1)
  A draconian shifter (Zot:4)
  7 emperor scorpions
  16 ironheart preservers
  3 deep elf elementalists (Elf:3)
  2 draconian stormcallers
  2 spriggan defenders (Depths:4)
  A juggernaut zombie (Depths:3)
  A reaper (D:1)
  4 draconian annihilators
  10 very ugly things
  15 stone giants
  5 entropy weavers
  2 vampire knights
  Azrael (Spider:1)
  12 deep elf demonologists
  2 lorocyprocas
  2 black draconians
  13 deep elf annihilators
  A dire elephant (Lair:6)
  4 green draconians
  5 red draconians
  2 purple draconians
  4 yellow draconians
  6 white draconians
  10 spark wasps
  A green death (Depths:2)
  Snorg (D:13)
  5 deep elf death magi
  13 ettins
  A merfolk impaler (Depths:5)
  13 fire dragons
  14 yaktaur captains
  5 deep elf high priests
  7 great orbs of eyes
  Erolcha (Orc:2)
  Josephine (D:11)
  12 ice dragons
  16 vault guards
  A spriggan air mage (Depths:5)
  A monstrous demonspawn (Depths:3)
  8 rakshasas
  14 hydras
  6 ghost crabs
  A merfolk avatar (Lair:6)
  2 death knights
  5 centaur warriors
  A catoblepas (D:13)
  14 ogre magi
  13 alligators
  The ghost of cliffracer the Thaumaturge, a journeyman DEWz of Sif Muna (Lair:1)
  7 tengu warriors
  A queen ant (Spider:4)
  36 two-headed ogres
  13 deep troll shamans
  12 deep troll earth magi
  17 hell knights
  Nergalle (D:10)
  Urug (Lair:2)
  A soul eater (D:12)
  11 spriggans
  An orc high priest (Elf:1)
  2 sun demons (Depths:1)
  Sonja (D:13)
  3 shadow wraiths
  18 deep elf knights
  5 iron trolls
  A sixfirhy (Depths:3)
  A death drake (Swamp:4)
  8 skeletal warriors (Vaults:1)
  7 flayed ghosts
  An unseen horror (D:15)
  3 swamp dragons
  2 unseen horrors (shapeshifter)
  4 spectral hydras (Swamp:4)
  7 deep elf archers
  10 wizards
  2 glowing orange brains (Depths:4)
  45 deep trolls
  A torturous demonspawn (D:1)
  A gelid demonspawn (D:1)
  10 ironbrand convokers
  An orange crystal statue (D:15)
  2 phantasmal warriors
  2 spriggan druids
  2 golden dragon skeletons (Depths:3)
  6 necromancers
  6 shambling mangroves
  2 harpies (shapeshifter)
  8 orc knights
  29 wolf spiders
  A lindwurm (Lair:5)
  38 deep elf magi
  A harpy (Lair:6)
  A wolf spider zombie (D:12)
  15 orb spiders
  A manticore (shapeshifter) (D:14)
  12 orc sorcerers
  14 ugly things
  An elephant (shapeshifter) (Vaults:5)
  10 moths of wrath
  6 cyclopes
  2 manticores
  10 vault sentinels
  A naga mage (Depths:5)
  A guardian serpent (shapeshifter) (Depths:2)
  2 gargoyles
  2 smoke demons (Depths:2)
  3 black mambas
  A torpor snail (Spider:4)
  2 black mambas (shapeshifter)
  A rust devil (Zot:3)
  A stone giant skeleton (Vaults:4)
  A spiny frog (shapeshifter) (Depths:3)
  An eye of devastation (shapeshifter) (Vaults:5)
  22 spiny frogs
  18 elephants
  An elf zombie (Depths:3)
  A hellion (Zot:5)
  A rime drake (shapeshifter) (D:13)
  2 human zombies
  5 kobold demonologists
  3 komodo dragons (shapeshifter)
  56 yaktaurs
  A yaktaur (shapeshifter) (Vaults:1)
  7 rime drakes
  7 freezing wraiths
  8 komodo dragons
  2 swamp worm zombies (Swamp:4)
  4 hellwings
  3 hydra zombies (Swamp:4)
  12 demonic crawlers
  5 tengu conjurers
  A troll (shapeshifter) (Depths:3)
  A red devil (D:5)
  12 trolls
  32 jumping spiders
  2 polar bears
  2 jumping spiders (shapeshifter)
  34 hornets
  2 polar bears (shapeshifter)
  A tengu simulacrum (Vaults:3)
  2 wind drakes (Lair:6)
  A raiju (shapeshifter) (Vaults:1)
  11 blink frogs
  33 slime creatures
  2 hippogriffs (shapeshifter)
  11 bog bodies
  A meliai zombie (D:15)
  4 tyrant leeches
  10 porcupines
  18 dream sheep
  9 hippogriffs
  A frost giant simulacrum (Vaults:2)
  A spectral swamp dragon (Swamp:4)
  5 alligator zombies (Swamp:4)
  8 water elementals
  2 air elementals (Elf:2)
  5 wraiths
  55 redbacks
  27 tarantellas
  2 wyverns
  An orc simulacrum (Vaults:3)
  2 redbacks (shapeshifter)
  8 yaks
  A wyvern (shapeshifter) (Vaults:1)
  2 hungry ghosts
  3 ynoxinuls
  2 basilisks
  A vampire (D:10)
  9 fire elementals
  Eustachio (D:5)
  A fire bat (shapeshifter) (Vaults:3)
  Grum (D:10)
  A neqoxec (Depths:3)
  A chaos spawn (D:12)
  17 vampire mosquitoes
  7 wargs
  6 insubstantial wisps (Swamp:4)
  A warg (shapeshifter) (D:13)
  19 soldier ants (Spider:4)
  5 acid dragons
  15 swamp worms
  A soldier ant (shapeshifter) (Vaults:1)
  A hell hound (Spider:1)
  23 water moccasins
  A deep troll skeleton (Vaults:2)
  2 hornet zombies
  An ice beast (shapeshifter) (Depths:5)
  43 orc warriors
  13 ice beasts
  A black bear (D:6)
  8 swamp drakes
  An eye of draining (shapeshifter) (Depths:3)
  An ogre (shapeshifter) (Vaults:2)
  An eye of draining (D:14)
  9 boggarts
  3 sky beasts
  2 necrophages
  31 wolves
  10 phantoms
  4 swamp dragon zombies (Swamp:4)
  37 ogres
  3 human skeletons
  An elf skeleton (Vaults:3)
  26 centaurs
  12 crocodiles
  3 big kobolds
  21 bullfrogs
  2 gnoll sergeants
  A wyvern zombie (D:13)
  An earth elemental (Elf:1)
  A deep troll simulacrum (Vaults:3)
  A water moccasin zombie (D:6)
  3 wyvern skeletons
  8 scorpions
  16 wights
  An electric eel (Spider:4)
  5 howler monkeys
  10 crimson imps
  3 bullfrog zombies
  2 quasits
  2 human simulacra
  5 hounds
  8 jellies
  27 orc priests
  Crazy Yiuf (D:6)
  3 centaur skeletons
  An iron imp (D:1)
  39 orc wizards
  4 bullfrog skeletons
  3 iguanas
  30 worker ants
  A spectral swamp drake (Swamp:4)
  2 hound zombies
  A hound skeleton (D:7)
  7 mummies (Ossuary)
  13 gnolls
  2 worker ant zombies
  2 swamp drake zombies (Swamp:4)
  20 adders
  6 river rats (Sewer)
  2 shadow imps
  An ufetubus (Zot:3)
  3 oozes
  4 adder skeletons
  7 worms
  2 dart slugs (D:1)
  5 leopard geckos
  102 orcs
  12 ball pythons
  10 giant cockroaches
  3 gnoll zombies (Ossuary)
  7 goblins
  5 hobgoblins
  14 jackals
  8 quokkas
  13 bats
  6 frilled lizards
  A giant cockroach zombie (D:5)
  A hobgoblin zombie (Ossuary)
  A jackal zombie (D:7)
  19 kobolds
  A kobold zombie (Ossuary)
  3 orc zombies (Ossuary)
  A quokka skeleton (D:7)
  29 rats
  A plant (D:9)
2159 creatures vanquished.

Vanquished Creatures (collateral kills)
  Sojobo (Depths:4)
  A golden dragon (Zot:5)
  An electric golem (Zot:5)
  A tentacled monstrosity (Zot:5)
  6 Orb Guardians (Zot:5)
  A titan (Vaults:5)
  A tengu reaver (Vaults:5)
  5 storm dragons
  2 frost giants
  2 draconian shifters (Zot:5)
  A war gargoyle (Vaults:5)
  2 green draconians
  A spark wasp (Depths:5)
  A purple draconian (Zot:5)
  An ettin (Vaults:4)
  2 vault guards (Vaults:5)
  2 yaktaur captains
  A dancing weapon (Vaults:4)
  A human zombie (Vaults:4)
  A deep elf mage (Vaults:5)
  A moth of wrath (Zot:5)
  2 elephants (Lair:3)
  2 vault sentinels (Vaults:4)
  2 yaks (Lair:2)
  A golden eye (shapeshifter) (Vaults:4)
  2 wolves (Lair:4)
  A mummy (Ossuary)
  2 orcs (D:4)
47 creatures vanquished.

Vanquished Creatures (others)
  3 ancient liches (Zot:5)
  3 Killer Klowns (Zot:5)
  2 liches (Vaults:5)
  5 Orb Guardians (Zot:5)
  2 tentacled monstrosities
  2 titans (Vaults:5)
  A deep elf master archer (Elf:3)
  A sphinx (Vaults:5)
  2 tengu reavers (Vaults:5)
  A storm dragon (Zot:5)
  A shadow dragon (Vaults:5)
  2 fire giants
  A draconian monk (Zot:5)
  4 vault wardens (Vaults:5)
  An ironheart preserver (Vaults:4)
  2 draconian annihilators (Zot:5)
  2 war gargoyles (Vaults:5)
  2 stone giants (Vaults:5)
  2 black draconians (Zot:5)
  A green draconian (Zot:5)
  A red draconian (Zot:5)
  2 white draconians (Zot:5)
  A deep elf annihilator (Depths:5)
  A spark wasp (Depths:5)
  3 purple draconians (Zot:5)
  5 yaktaur captains
  An ogre mage (Vaults:4)
  14 vault guards (Vaults:5)
  A death knight (Vaults:4)
  An orc knight (Vaults:5)
  2 two-headed ogres (Vaults:5)
  2 centaur warriors
  A deep troll shaman (Vaults:4)
  A deep troll earth mage (Vaults:4)
  24 dancing weapons
  An alligator (Swamp:2)
  A deep elf knight (Vaults:4)
  An unseen horror (D:12)
  2 deep elf archers
  5 deep trolls
  5 ironbrand convokers
  A wolf spider (Vaults:4)
  2 phantasmal warriors (Vaults:5)
  An orb spider (shapeshifter) (Vaults:4)
  2 necromancers
  3 deep elf magi
  A cyclops (D:15)
  A manticore (D:7)
  2 moths of wrath (Zot:5)
  An elephant (Lair:3)
  A rust devil (D:1)
  4 vault sentinels
  A smoke demon (D:1)
  A troll (D:7)
  A freezing wraith (Vaults:5)
  14 yaktaurs
  A hellwing (D:1)
  A tormentor (D:1)
  A tyrant leech (Swamp:1)
  A hornet (Vaults:5)
  2 blink frogs (Swamp:4)
  A slime creature (Lair:3)
  A dream sheep (Lair:1)
  A snapping turtle (shapeshifter) (Vaults:5)
  A redback (Spider:2)
  4 humans (Spider:3)
  A swamp worm (Lair:3)
  2 ogres (Vaults:5)
  A scorpion (D:9)
  9 centaurs
  An earth elemental (Elf:2)
  2 orc wizards
  5 orcs
  A quokka (D:3)
  17 fungi
  43 plants
  20 spectral weapons
267 creatures vanquished.

Grand Total: 2473 creatures vanquished

Notes
Turn   | Place    | Note
-------+----------+-------------------------------------------
     0 | D:1      | Mesmaeker13 the Gnoll Artificer began the quest for the Orb.
     0 | D:1      | Reached XP level 1. HP: 17/17 MP: 4/4
   283 | D:1      | Reached XP level 2. HP: 23/23 MP: 6/6
   694 | D:1      | Reached XP level 3. HP: 27/28 MP: 7/7
   784 | D:1      | Found a hide-covered altar of Uskayaw.
   997 | D:2      | Reached skill level 1 in Invocations
  1541 | D:2      | Reached skill level 1 in Long Blades
  1541 | D:2      | Reached skill level 1 in Axes
  1541 | D:2      | Reached skill level 1 in Maces & Flails
  1541 | D:2      | Reached skill level 1 in Polearms
  1541 | D:2      | Reached skill level 1 in Staves
  1541 | D:2      | Reached skill level 1 in Slings
  1541 | D:2      | Reached skill level 1 in Bows
  1541 | D:2      | Reached skill level 1 in Crossbows
  1541 | D:2      | Reached skill level 1 in Throwing
  1541 | D:2      | Reached skill level 1 in Armour
  1541 | D:2      | Reached skill level 1 in Shields
  1541 | D:2      | Reached skill level 1 in Unarmed Combat
  1541 | D:2      | Reached skill level 1 in Spellcasting
  1606 | D:2      | Reached XP level 4. HP: 34/34 MP: 8/8
  1959 | D:3      | Found a radiant altar of Vehumet.
  1998 | D:3      | Found a glowing drain.
  2018 | D:3      | Reached skill level 1 in Conjurations
  2018 | D:3      | Reached skill level 1 in Hexes
  2018 | D:3      | Reached skill level 1 in Charms
  2018 | D:3      | Reached skill level 1 in Summonings
  2018 | D:3      | Reached skill level 1 in Necromancy
  2018 | D:3      | Reached skill level 1 in Translocations
  2018 | D:3      | Reached skill level 1 in Transmutations
  2018 | D:3      | Reached skill level 1 in Fire Magic
  2018 | D:3      | Reached skill level 1 in Ice Magic
  2018 | D:3      | Reached skill level 1 in Air Magic
  2018 | D:3      | Reached skill level 1 in Earth Magic
  2018 | D:3      | Reached skill level 1 in Poison Magic
  2157 | Sewer    | Entered a sewer
  2213 | Sewer    | Reached XP level 5. HP: 30/40 MP: 9/9
  2925 | Sewer    | Reached XP level 6. HP: 45/47 MP: 11/11
  2956 | Sewer    | Reached skill level 2 in Invocations
  3242 | Sewer    | Reached skill level 5 in Dodging
  4105 | D:4      | Reached XP level 7. HP: 42/52 MP: 12/12
  5153 | D:5      | Entered Level 5 of the Dungeon
  5403 | D:5      | Reached skill level 3 in Invocations
  5811 | D:5      | Reached XP level 8. HP: 60/60 MP: 13/13
  6054 | D:5      | Found Vixzomy's Book Boutique.
  6190 | D:5      | Found a faded altar of an unknown god.
  6190 | D:5      | Found an opulent altar of Gozag.
  6195 | D:5      | Found a faded altar of an unknown god.
  6197 | D:5      | Found an ornate altar of the Wu Jian Council.
  6198 | D:5      | Found a sacrificial altar of Ru.
  6206 | D:5      | Became a worshipper of Gozag Ym Sagoz the Greedy
  6468 | D:6      | Noticed Prince Ribbit
  6586 | D:6      | Noticed Eustachio
  6736 | D:5      | Killed Eustachio
  6983 | D:6      | Reached skill level 4 in Invocations
  7147 | D:6      | Found a basalt altar of Yredelemnul.
  7294 | D:6      | Reached XP level 9. HP: 66/66 MP: 14/14
  7576 | D:6      | Found a white marble altar of Elyvilon.
  7674 | D:6      | Found a runed door.
  7678 | D:6      | Noticed Crazy Yiuf
  7682 | D:6      | Killed Crazy Yiuf
  7865 | D:7      | Found a sand-covered staircase.
  7946 | Ossuary  | Entered an ossuary
  8480 | D:7      | Found a sparkling altar of Nemelex Xobeh.
  8691 | D:7      | Reached skill level 5 in Fighting
  8691 | D:7      | Reached skill level 5 in Short Blades
  9025 | D:7      | Reached skill level 5 in Stealth
  9085 | D:7      | Noticed a two-headed ogre
  9085 | D:7      | Noticed a manticore
  9085 | D:7      | Noticed a troll
  9120 | D:7      | Killed a two-headed ogre
  9120 | D:7      | Reached skill level 5 in Invocations
  9149 | D:7      | Noticed a troll
  9159 | D:7      | Reached XP level 10. HP: 65/74 MP: 13/17
  9217 | D:7      | Paralysed by an orc for 2 turns
  9585 | D:7      | Found a staircase to the Ecumenical Temple.
  9665 | D:7      | Found Udi Mus's Gadget Emporium.
  9765 | D:7      | Found a sparkling altar of Nemelex Xobeh.
 10115 | D:7      | Found an iron altar of Okawaru.
 10115 | D:7      | Found a bloodstained altar of Trog.
 10662 | D:4      | Reached skill level 5 in Long Blades
 10662 | D:4      | Reached skill level 5 in Axes
 10662 | D:4      | Reached skill level 5 in Maces & Flails
 10662 | D:4      | Reached skill level 5 in Polearms
 10662 | D:4      | Reached skill level 5 in Staves
 10662 | D:4      | Reached skill level 5 in Slings
 10662 | D:4      | Reached skill level 5 in Bows
 10662 | D:4      | Reached skill level 5 in Crossbows
 10662 | D:4      | Reached skill level 5 in Throwing
 10662 | D:4      | Reached skill level 5 in Armour
 10662 | D:4      | Reached skill level 5 in Shields
 10662 | D:4      | Reached skill level 5 in Unarmed Combat
 10662 | D:4      | Reached skill level 5 in Spellcasting
 11460 | D:8      | Found an ancient bone altar of Kikubaaqudgha.
 11773 | D:8      | Noticed a two-headed ogre
 11991 | D:8      | Found a shattered altar of Ashenzari.
 12536 | D:8      | Found a hide-covered altar of Uskayaw.
 12578 | D:8      | Found a burning altar of Makhleb.
 12578 | D:8      | Found a glowing silver altar of Zin.
 12579 | D:8      | Noticed an angel
 12579 | D:8      | Noticed a cacodemon
 12772 | D:8      | Killed a two-headed ogre
 13160 | D:9      | Reached skill level 6 in Invocations
 13535 | D:9      | Found a staircase to the Lair.
 13657 | D:9      | Found a transporter.
 13659 | D:9      | Found the brooch of Shielding {Reflect SH+8}
 13909 | D:10     | Entered Level 10 of the Dungeon
 14045 | D:10     | Reached XP level 11. HP: 74/82 MP: 19/19
 14760 | D:9      | Bought a blackened mace for 208 gold pieces
 14760 | D:9      | Bought a pair of heavily runed boots for 247 gold pieces
 14766 | D:9      | Identified the +1 pair of boots of the Hare {MR+ Str+4} (You bought it in a shop on level 9 of the Dungeon)
 14769 | D:9      | Identified the +8 mace of Kuimuf {drain, -Tele rF+++ MR+ Stlth+} (You bought it in a shop on level 9 of the Dungeon)
 14781 | Lair:1   | Entered Level 1 of the Lair of Beasts
 14781 | Lair:1   | Noticed an eight-headed hydra
 14781 | Lair:1   | Noticed a six-headed hydra
 14793 | D:9      | Killed a six-headed hydra
 14934 | Lair:1   | Killed an eight-headed hydra
 14934 | Lair:1   | Reached skill level 5 in Conjurations
 14934 | Lair:1   | Reached skill level 5 in Hexes
 14934 | Lair:1   | Reached skill level 5 in Charms
 14934 | Lair:1   | Reached skill level 5 in Summonings
 14934 | Lair:1   | Reached skill level 5 in Necromancy
 14934 | Lair:1   | Reached skill level 5 in Translocations
 14934 | Lair:1   | Reached skill level 5 in Transmutations
 14934 | Lair:1   | Reached skill level 5 in Fire Magic
 14934 | Lair:1   | Reached skill level 5 in Ice Magic
 14934 | Lair:1   | Reached skill level 5 in Air Magic
 14934 | Lair:1   | Reached skill level 5 in Earth Magic
 14934 | Lair:1   | Reached skill level 5 in Poison Magic
 14955 | Lair:1   | Found a labyrinth entrance.
 15415 | Lair:1   | Reached skill level 7 in Invocations
 15466 | Lair:1   | Found a runed door.
 15466 | Lair:1   | Noticed cliffracer's ghost (journeyman DEWz)
 15563 | Lair:1   | Killed cliffracer's ghost
 15934 | Lair:1   | Noticed a four-headed hydra
 15958 | Lair:1   | Killed a four-headed hydra
 15958 | Lair:1   | Reached XP level 12. HP: 25/91 MP: 22/22
 16735 | Lair:2   | Found a hole to the Spider Nest.
 16906 | Lair:2   | Noticed Urug
 16911 | Lair:2   | Killed Urug
 17605 | Lair:2   | Reached skill level 8 in Invocations
 17966 | Lair:3   | Reached skill level 10 in Evocations
 17966 | Lair:3   | Reached XP level 13. HP: 99/99 MP: 24/24
 17967 | Lair:3   | Reached skill level 9 in Invocations
 17967 | Lair:3   | Reached XP level 14. HP: 106/106 MP: 24/26
 18097 | Lair:3   | Found a staircase to the Swamp.
 19972 | Lair:5   | Reached XP level 15. HP: 30/113 MP: 27/27
 20327 | Lair:5   | Reached skill level 10 in Dodging
 20358 | Lair:5   | Found a staircase to the Slime Pits.
 20606 | Lair:5   | Identified the Collected Works on Envenoming and Self-Knowledge
 21214 | Lair:6   | Entered Level 6 of the Lair of Beasts
 21218 | Lair:6   | Paralysed by a hornet for 3 turns
 21608 | Lair:6   | Reached skill level 10 in Invocations
 22996 | D:9      | Bought a brightly glowing plate armour for 896 gold pieces
 22997 | D:9      | Identified the +3 plate armour of the Solstice {rF+} (You bought it in a shop on level 9 of the Dungeon)
 23019 | D:9      | Bought a distressingly furry cloak for 304 gold pieces
 23019 | D:9      | Bought a runed shield for 240 gold pieces
 23031 | D:9      | Identified the +2 cloak "Kitu" {+Blink rF+ rC+} (You bought it in a shop on level 9 of the Dungeon)
 23051 | D:9      | Bought a potion of curing for 78 gold pieces
 23127 | D:9      | Found a roughly hewn altar of Beogh.
 23197 | D:9      | Found a transporter.
 23393 | D:10     | Noticed Nergalle
 23400 | D:10     | Killed Nergalle
 23487 | D:10     | Noticed Grum
 23494 | D:10     | Killed Grum
 24267 | D:11     | Reached skill level 10 in Fighting
 24267 | D:11     | Reached skill level 10 in Short Blades
 24444 | D:11     | Noticed Josephine
 24480 | D:11     | Killed Josephine
 24480 | D:11     | Reached skill level 10 in Stealth
 25643 | D:12     | Found a staircase to the Orcish Mines.
 26207 | D:12     | Found a shimmering altar of Xom.
 26405 | D:13     | Reached XP level 16. HP: 122/122 MP: 29/29
 26487 | D:13     | Noticed Sonja
 26491 | D:13     | Killed Sonja
 26695 | D:13     | Noticed Snorg
 26714 | D:13     | Killed Snorg
 26738 | D:13     | You fall through a shaft for 2 floors!
 26738 | D:15     | Entered Level 15 of the Dungeon
 26868 | D:15     | Found a staircase to the Depths.
 26907 | D:14     | Found a gate to the Vaults.
 26921 | D:14     | Reached skill level 10 in Long Blades
 26921 | D:14     | Reached skill level 10 in Axes
 26921 | D:14     | Reached skill level 10 in Maces & Flails
 26921 | D:14     | Reached skill level 10 in Polearms
 26921 | D:14     | Reached skill level 10 in Staves
 26921 | D:14     | Reached skill level 10 in Slings
 26921 | D:14     | Reached skill level 10 in Bows
 26921 | D:14     | Reached skill level 10 in Crossbows
 26921 | D:14     | Reached skill level 10 in Throwing
 26921 | D:14     | Reached skill level 10 in Armour
 26921 | D:14     | Reached skill level 10 in Shields
 26921 | D:14     | Reached skill level 10 in Unarmed Combat
 26921 | D:14     | Reached skill level 10 in Spellcasting
 28222 | D:14     | Noticed Agnes
 28246 | D:14     | Reached skill level 11 in Invocations
 28265 | D:14     | Killed Agnes
 28790 | D:14     | Paralysed by a wizard for 4 turns
 29032 | D:14     | Found a glowing golden altar of the Shining One.
 29201 | D:14     | Found a runed door.
 29215 | D:14     | Noticed Pusat's ghost (journeyman GrFi)
 30979 | Lair:1   | Gained mutation: You are partially covered in slimy green scales. (AC +2) [potion of mutation]
 30979 | Lair:1   | Gained mutation: You tend to lose your temper in combat. [potion of mutation]
 30979 | Lair:1   | Gained mutation: You are robust. (+10% HP) [potion of mutation]
 30979 | Lair:1   | Gained mutation: Your flesh is cold resistant. (rC+) [potion of mutation]
 31087 | Orc:1    | Entered Level 1 of the Orcish Mines
 31087 | Orc:1    | Found Viguis's Gadget Shop.
 31304 | D:12     | Learned a level 3 spell: Spectral Weapon
 31470 | Orc:1    | Found Coaxt's Antique Weapon Emporium.
 31595 | Orc:2    | Entered Level 2 of the Orcish Mines
 31609 | Orc:2    | Found a staircase to the Elven Halls.
 31669 | Orc:1    | Found Bile Ehupnugh's Weapon Emporium.
 32472 | Orc:2    | Paralysed by an orc sorcerer for 7 turns
 32714 | Orc:2    | Found Yhonweci's Antique Weapon Emporium.
 32734 | Orc:2    | Found an ancient bone altar of Kikubaaqudgha.
 32756 | Orc:2    | Found Soluh's Distillery.
 32771 | Orc:2    | Noticed Erolcha
 32807 | Orc:2    | Killed Erolcha
 32928 | Orc:2    | Bought a potion of curing for 42 gold pieces
 32928 | Orc:2    | Bought a potion of curing for 42 gold pieces
 32928 | Orc:2    | Bought a potion of heal wounds for 70 gold pieces
 32951 | Orc:2    | Found a radiant altar of Vehumet.
 32985 | Orc:2    | Found a roughly hewn altar of Beogh.
 32985 | Orc:2    | Found Byimp's Distillery.
 32992 | Orc:2    | Reached XP level 17. HP: 132/144 MP: 31/31
 33027 | Orc:2    | Bought a potion of curing for 36 gold pieces
 33027 | Orc:2    | Bought a potion of mutation for 96 gold pieces
 33033 | Orc:2    | Found Kaorch's Book Shoppe.
 33380 | Swamp:1  | Entered Level 1 of the Swamp
 33384 | Swamp:1  | Noticed Nikola
 33692 | Lair:3   | Killed Nikola
 34453 | Swamp:1  | Got a pair of jewelled gloves
 34481 | Swamp:1  | Identified the cursed +0 pair of gloves "Zuep" {rElec Regen+ Int+3 Dex-2} (You found it on level 1 of the Swamp)
 35286 | Swamp:2  | Found a white marble altar of Elyvilon.
 35726 | Swamp:3  | Reached skill level 12 in Invocations
 36599 | Swamp:4  | Entered Level 4 of the Swamp
 36705 | Swamp:4  | Learned a level 3 spell: Regeneration
 37162 | Swamp:4  | Reached XP level 18. HP: 146/152 MP: 33/33
 37910 | Swamp:4  | Noticed a bone dragon
 37922 | Swamp:4  | Killed a bone dragon
 37979 | Swamp:4  | Lost mutation: You tend to lose your temper in combat. [potion of mutation]
 37979 | Swamp:4  | Lost mutation: Your flesh is cold resistant. (rC+) [potion of mutation]
 37979 | Swamp:4  | Lost mutation: You are robust. (+10% HP) [potion of mutation]
 37979 | Swamp:4  | Gained mutation: You are partially covered in icy blue scales. (AC +2) [potion of mutation]
 37979 | Swamp:4  | Gained mutation: Your system is resistant to poisons. (rPois) [potion of mutation]
 38039 | Swamp:4  | Got a decaying rune of Zot
 38272 | Lair:1   | Learned a level 4 spell: Animate Dead
 38293 | Spider:1 | Entered Level 1 of the Spider Nest
 38376 | Spider:1 | Noticed Azrael
 38407 | Spider:1 | Killed Azrael
 38690 | Spider:1 | Reached skill level 10 in Conjurations
 38690 | Spider:1 | Reached skill level 10 in Hexes
 38690 | Spider:1 | Reached skill level 10 in Charms
 38690 | Spider:1 | Reached skill level 10 in Summonings
 38690 | Spider:1 | Reached skill level 10 in Necromancy
 38690 | Spider:1 | Reached skill level 10 in Translocations
 38690 | Spider:1 | Reached skill level 10 in Transmutations
 38690 | Spider:1 | Reached skill level 10 in Fire Magic
 38690 | Spider:1 | Reached skill level 10 in Ice Magic
 38690 | Spider:1 | Reached skill level 10 in Air Magic
 38690 | Spider:1 | Reached skill level 10 in Earth Magic
 38690 | Spider:1 | Reached skill level 10 in Poison Magic
 39382 | Spider:2 | Identified a scroll of acquirement
 39940 | Spider:3 | Noticed Kirke
 39964 | Spider:3 | Killed Kirke
 40404 | Spider:4 | Entered Level 4 of the Spider Nest
 40437 | Spider:4 | Reached skill level 13 in Invocations
 40628 | Spider:4 | Reached XP level 19. HP: 144/144 MP: 35/35
 42388 | Spider:4 | Got a gossamer rune of Zot
 42604 | D:9      | Bought a coral ring for 130 gold pieces
 42605 | D:9      | Bought a faintly glowing plate armour for 896 gold pieces
 42605 | D:9      | Bought a translucent plate armour for 896 gold pieces
 42617 | D:9      | Identified the +8 plate armour "Micoup" {+Fly rCorr Str-2 Int+5} (You bought it in a shop on level 9 of the Dungeon)
 42627 | D:9      | Identified the +10 plate armour of Zoatanud {+Inv} (You bought it in a shop on level 9 of the Dungeon)
 42828 | Depths:1 | Entered Level 1 of the Depths
 42828 | Depths:1 | Found a gateway to a ziggurat.
 43004 | Elf:1    | Entered Level 1 of the Elven Halls
 43955 | Elf:1    | Found Besk's Book Emporium.
 44658 | Elf:2    | Found a runed gate.
 44658 | Elf:2    | Found a runed gate.
 44658 | Elf:2    | Found a runed gate.
 45595 | Elf:3    | Entered Level 3 of the Elven Halls
 45614 | Elf:3    | Reached XP level 20. HP: 156/156 MP: 36/36
 46521 | Elf:3    | Reached skill level 14 in Invocations
 46850 | Elf:3    | Got a faintly glowing morningstar {flame}
 46949 | Elf:3    | Got a jewelled helmet
 46962 | Elf:3    | Identified the +0 helmet "Welip" {rF+ Int+3} (You found it on level 3 of the Elven Halls)
 46964 | Elf:3    | Identified the +12 morningstar "Utec" {flame, rPois rF+} (You took it off a deep elf elementalist on level 3 of the Elven Halls)
 47071 | Elf:3    | Got a transparent morningstar
 47072 | Elf:3    | Identified the cursed +1 morningstar "Zofay" {pain, Int+2} (You found it on level 3 of the Elven Halls)
 48217 | Depths:1 | Noticed Louise
 48267 | Depths:1 | Killed Louise
 48318 | Depths:1 | Found a one-way gate to the infinite horrors of the Abyss.
 48865 | Depths:1 | Found a gateway to Hell.
 48871 | Depths:1 | Got a pair of spiked gloves
 48882 | Depths:1 | Identified the +1 pair of gloves of Activism {Regen+ Slay+4 SInv Stlth+} (You found it on level 1 of the Depths)
 48956 | Depths:2 | Reached XP level 21. HP: 163/163 MP: 38/38
 49381 | Depths:2 | Found a portal to a secret trove of treasure.
 49595 | Depths:2 | Found a burning altar of Makhleb.
 49654 | Depths:2 | Identified the Collected Works on Cold and Bewitchment
 49679 | Depths:2 | Found a runed door.
 49705 | Depths:2 | Found a runed door.
 50400 | Depths:3 | Noticed a juggernaut
 50415 | Depths:3 | Killed a juggernaut
 50459 | Depths:3 | Noticed a golden dragon
 50521 | Depths:3 | Found a shattered altar of Ashenzari.
 50536 | Depths:3 | Killed a golden dragon
 50546 | Depths:3 | Noticed a juggernaut
 50571 | Depths:3 | Killed a juggernaut
 50571 | Depths:3 | Reached skill level 15 in Evocations
 50700 | Depths:3 | Noticed a juggernaut
 50815 | Depths:3 | Reached skill level 15 in Invocations
 50967 | Depths:3 | Killed a juggernaut
 50967 | Depths:3 | Reached XP level 22. HP: 166/172 MP: 38/40
 51991 | Depths:3 | Found a one-way gate leading to the halls of Pandemonium.
 52291 | Orc:2    | Bought a potion of resistance for 120 gold pieces
 52307 | Orc:2    | Bought a potion of resistance for 140 gold pieces
 52519 | Depths:2 | You paid a toll of 4 potions of resistance to enter a treasure trove
 52520 | Trove    | Entered a treasure trove
 52536 | Trove    | Got a spiked shield
 52547 | Trove    | Identified the +5 shield "Vyitu" {SInv} (You found it in a treasure trove)
 52562 | Trove    | Got a twisted buckler
 52573 | Trove    | Identified the +0 buckler of the Unseen Realm {rElec Int+2} (You found it in a treasure trove)
 52664 | Trove    | Got an encrusted helmet
 52675 | Trove    | Identified the -2 helmet of Hangman {rPois rC- rN+ MR+} (You found it in a treasure trove)
 53343 | Depths:4 | Noticed Dahy's ghost (adept OgFE)
 53362 | Depths:4 | Noticed Mennas
 53408 | Depths:4 | Killed Mennas
 53615 | Depths:4 | Found a runed gate.
 53615 | Depths:4 | Found a runed gate.
 53615 | Depths:4 | Found a runed gate.
 53655 | Depths:4 | Found Edytusin's Magic Scroll Shoppe.
 53695 | Depths:4 | Noticed Sojobo
 53714 | Depths:4 | Killed Sojobo
 54123 | Depths:4 | Reached skill level 15 in Dodging
 54986 | Depths:4 | Reached XP level 23. HP: 165/179 MP: 41/41
 55012 | Depths:4 | Killed Dahy's ghost
 55155 | Depths:5 | Entered Level 5 of the Depths
 55155 | Depths:5 | Noticed a caustic shrike
 55157 | Depths:5 | Noticed a caustic shrike
 55188 | Depths:5 | Noticed a caustic shrike
 55397 | Depths:4 | Killed a caustic shrike
 55406 | Depths:4 | Killed a caustic shrike
 55500 | Depths:4 | Killed a caustic shrike
 55829 | Depths:5 | Noticed a golden dragon
 55838 | Depths:5 | Killed a golden dragon
 55838 | Depths:5 | Reached skill level 15 in Fighting
 55838 | Depths:5 | Reached skill level 15 in Short Blades
 55943 | Depths:5 | Reached skill level 15 in Stealth
 55955 | Depths:5 | Reached skill level 16 in Invocations
 56073 | Depths:5 | Noticed a caustic shrike
 56073 | Depths:5 | Noticed a caustic shrike
 56073 | Depths:5 | Noticed a caustic shrike
 56074 | Depths:5 | Noticed a caustic shrike
 56077 | Depths:5 | Noticed a caustic shrike
 56080 | Depths:5 | Killed a caustic shrike
 56089 | Depths:5 | Killed a caustic shrike
 56281 | Depths:4 | Killed a caustic shrike
 56374 | Depths:5 | Killed a caustic shrike
 56669 | Depths:5 | Reached skill level 15 in Long Blades
 56669 | Depths:5 | Reached skill level 15 in Axes
 56669 | Depths:5 | Reached skill level 15 in Maces & Flails
 56669 | Depths:5 | Reached skill level 15 in Polearms
 56669 | Depths:5 | Reached skill level 15 in Staves
 56669 | Depths:5 | Reached skill level 15 in Slings
 56669 | Depths:5 | Reached skill level 15 in Bows
 56669 | Depths:5 | Reached skill level 15 in Crossbows
 56669 | Depths:5 | Reached skill level 15 in Throwing
 56669 | Depths:5 | Reached skill level 15 in Armour
 56669 | Depths:5 | Reached skill level 15 in Shields
 56669 | Depths:5 | Reached skill level 15 in Unarmed Combat
 56669 | Depths:5 | Reached skill level 15 in Spellcasting
 56763 | Depths:5 | Found a runed door.
 56852 | Depths:5 | Noticed Turo's ghost (adept OgFE)
 56871 | Depths:5 | Killed Turo's ghost
 56875 | Depths:5 | Got a bound marble ring
 56877 | Depths:5 | Identified the ring "Diel" {rC+ rN+ Str-2 Int+8 Stlth-} (You found it on level 5 of the Depths)
 57042 | Depths:5 | Reached XP level 24. HP: 180/189 MP: 42/42
 57078 | Depths:5 | Found a corrupted altar of Lugonu.
 57230 | Depths:5 | Found a runed door.
 57314 | Depths:5 | Found a gate to the Realm of Zot.
 57764 | Depths:5 | Found a radiant altar of Vehumet.
 57764 | Depths:5 | Noticed an ancient lich
 57781 | Depths:5 | Killed an ancient lich
 57804 | Depths:5 | Identified the Catalogue of Arcane Weapons
 57971 | Vaults:1 | Entered Level 1 of the Vaults
 58781 | Vaults:1 | Found Kufef's Jewellery Emporium.
 59496 | D:14     | Bought an ancient cloak for 484 gold pieces
 59507 | D:14     | Identified the +1 cloak "Wociafasm" {rPois Slay+3} (You bought it in a shop on level 14 of the Dungeon)
 59764 | Vaults:2 | Found Wapo Jack's Gadget Shoppe.
 60082 | Vaults:2 | Found a hazy altar of Hepliaklqana.
 60259 | Vaults:3 | Reached XP level 25. HP: 196/197 MP: 42/42
 60451 | Vaults:3 | Found Durgh's Gadget Emporium.
 60504 | Vaults:3 | Reached skill level 17 in Invocations
 60783 | Vaults:3 | Found a gateway to a bazaar.
 60792 | Bazaar   | Entered a bazaar
 60809 | Bazaar   | Found Poepteomoe's Book Emporium.
 60809 | Bazaar   | Found Ceebb's Magic Scroll Shoppe.
 60830 | Bazaar   | Found Pimaapt's General Store.
 60834 | Bazaar   | Bought the +1 helmet "Nuog" {rElec Dex+2} for 304 gold pieces
 60845 | Bazaar   | Found Laypt's Antique Weapon Shoppe.
 62448 | Vaults:4 | Found Gaump's Antique Armour Shop.
 62724 | Vaults:4 | Found a large runed door.
 62727 | Vaults:4 | Found a large runed door.
 62973 | Vaults:4 | Noticed SKei0's ghost (adept MiFi)
 63100 | Vaults:5 | Entered Level 5 of the Vaults
 63356 | Vaults:5 | Got a scintillating turquoise ring
 63464 | Vaults:5 | Reached XP level 26. HP: 137/206 MP: 43/43
 63551 | Vaults:5 | Noticed an ancient lich
 63572 | Vaults:5 | Killed an ancient lich
 63612 | Vaults:5 | Got a silver rune of Zot
 63692 | Vaults:5 | Identified the Reference Book on Frigorific Aid
 63737 | Vaults:5 | Noticed an ancient lich
 64510 | Vaults:5 | Found Bysch's Armour Boutique.
 64538 | Vaults:5 | Identified Sif Muna's Incunabulum of Glacial Good Luck
 64554 | Vaults:5 | Identified the ring "Bazior Segoo" {rF+ Dex+3} (You took it off a deep elf annihilator on level 5 of the Vaults)
 64952 | Zot:1    | Entered Level 1 of the Realm of Zot
 65594 | Zot:4    | Reached skill level 18 in Invocations
 65670 | Zot:5    | Entered Level 5 of the Realm of Zot
 65853 | Zot:5    | Noticed an ancient lich
 66098 | Zot:5    | Killed an ancient lich
 66119 | Zot:5    | Noticed an orb of fire
 66135 | Zot:5    | Killed an orb of fire
 66149 | Zot:5    | Noticed an orb of fire
 66157 | Zot:5    | Noticed an ancient lich
 66181 | Zot:5    | Killed an ancient lich
 66295 | Zot:5    | Killed an ancient lich
 66494 | Zot:5    | Reached XP level 27. HP: 192/214 MP: 43/43
 66570 | Zot:5    | Noticed an orb of fire
 66590 | Zot:5    | Killed an orb of fire
 66639 | Zot:5    | Noticed an orb of fire
 66717 | Zot:5    | Got the Orb of Zot
 66731 | Zot:5    | Noticed an orb of fire
 66878 | Depths:5 | Noticed Neajaec the pandemonium lord
 67335 | D:1      | Noticed Wutip the pandemonium lord
 67380 | D:1      | Noticed Dyusuyh the pandemonium lord
 67394 | D:1      | Noticed a seraph
 67453 | D:$      | Escaped with the Orb!

Skill      XL: |  1  2  3  4  5  6  7  8  9 10 11 12 13 14 15 16 17 18 19 20 21 22 23 24 25 26 27 |
---------------+----------------------------------------------------------------------------------+-----
Invocations    | 1 2 3 4 5 6 7 8 9 10 11 12 13 14 15 16 17 18 | 18.4
Long Blades    | 1 2 3 4 5 6 7 8 9 10 11 12 13 14 15 16 17 | 17.1
Axes           | 1 2 3 4 5 6 7 8 9 10 11 12 13 14 15 16 17 | 17.1
Maces & Flails | 1 2 3 4 5 6 7 8 9 10 11 12 13 14 15 16 17 | 17.1
Polearms       | 1 2 3 4 5 6 7 8 9 10 11 12 13 14 15 16 17 | 17.1
Staves         | 1 2 3 4 5 6 7 8 9 10 11 12 13 14 15 16 17 | 17.1
Slings         | 1 2 3 4 5 6 7 8 9 10 11 12 13 14 15 16 17 | 17.1
Bows           | 1 2 3 4 5 6 7 8 9 10 11 12 13 14 15 16 17 | 17.1
Crossbows      | 1 2 3 4 5 6 7 8 9 10 11 12 13 14 15 16 17 | 17.1
Throwing       | 1 2 3 4 5 6 7 8 9 10 11 12 13 14 15 16 17 | 17.1
Armour         | 1 2 3 4 5 6 7 8 9 10 11 12 13 14 15 16 17 | 17.1
Shields        | 1 2 3 4 5 6 7 8 9 10 11 12 13 14 15 16 17 | 17.1
Unarmed Combat | 1 2 3 4 5 6 7 8 9 10 11 12 13 14 15 16 17 | 17.1
Spellcasting   | 1 2 3 4 5 6 7 8 9 10 11 12 13 14 15 16 17 | 17.1
Conjurations   | 1 2 3 4 5 6 7 8 9 10 11 12 13 14 | 14.7
Hexes          | 1 2 3 4 5 6 7 8 9 10 11 12 13 14 | 14.7
Charms         | 1 2 3 4 5 6 7 8 9 10 11 12 13 14 | 14.7
Summonings     | 1 2 3 4 5 6 7 8 9 10 11 12 13 14 | 14.7
Necromancy     | 1 2 3 4 5 6 7 8 9 10 11 12 13 14 | 14.7
Translocations | 1 2 3 4 5 6 7 8 9 10 11 12 13 14 | 14.7
Transmutations | 1 2 3 4 5 6 7 8 9 10 11 12 13 14 | 14.7
Fire Magic     | 1 2 3 4 5 6 7 8 9 10 11 12 13 14 | 14.7
Ice Magic      | 1 2 3 4 5 6 7 8 9 10 11 12 13 14 | 14.7
Air Magic      | 1 2 3 4 5 6 7 8 9 10 11 12 13 14 | 14.7
Earth Magic    | 1 2 3 4 5 6 7 8 9 10 11 12 13 14 | 14.7
Poison Magic   | 1 2 3 4 5 6 7 8 9 10 11 12 13 14 | 14.7
Fighting       | 3 4 5 6 7 8 9 10 11 12 13 14 15 16 17 | 17.2
Short Blades   | 3 4 5 6 7 8 9 10 11 12 13 14 15 16 17 | 17.2
Stealth        | 3 4 5 6 7 8 9 10 11 12 13 14 15 16 17 | 17.2
Dodging        | 5 6 7 8 9 10 11 12 13 14 15 16 17 | 17.5
Evocations     | 7 8 9 10 11 12 13 14 15 16 17 | 17.9

Action                   |  1- 3 |  4- 6 |  7- 9 | 10-12 | 13-15 | 16-18 | 19-21 | 22-24 | 25-27 || total
-------------------------+-------+-------+-------+-------+-------+-------+-------+-------+-------++-------
Melee: Short sword       |   165 |       |       |       |       |       |       |       |       ||   165
       Bite              |     9 |    29 |    78 |   105 |   102 |   296 |   251 |   322 |   251 ||  1443
       Spear             |     9 |   306 |   604 |   531 |       |       |       |       |       ||  1450
       Mace              |       |       |       |   240 |       |       |    11 |       |       ||   251
       Demon trident     |       |       |       |    76 |   867 |  2181 |   874 |       |       ||  3998
       Morningstar       |       |       |       |       |       |       |   800 |  1345 |   990 ||  3135
       Eudemon blade     |       |       |       |       |       |       |       |   264 |   162 ||   426
Throw: Tomahawk          |       |       |       |       |       |     1 |       |       |       ||     1
       Throwing net      |       |       |       |       |       |     4 |       |       |       ||     4
 Cast: Spectral Weapon   |       |       |       |       |       |    12 |    18 |    11 |     1 ||    42
       Regeneration      |       |       |       |       |       |     5 |    16 |    17 |     8 ||    46
Invok: Call Merchant     |       |       |       |     1 |     1 |     1 |       |     1 |       ||     4
       Bribe Branch      |       |       |       |       |       |       |       |       |     4 ||     4
 Abil: Evoke Berserk Rag |       |       |       |     2 |       |       |     1 |       |       ||     3
Evoke: Wand              |       |       |    21 |    28 |    38 |    27 |     4 |    20 |    14 ||   152
       Phantom mirror    |       |       |       |       |     1 |       |       |     1 |     1 ||     3
       Lamp of fire      |       |       |       |       |       |     1 |     1 |     1 |       ||     3
       Box of beasts     |       |       |       |       |       |       |       |     1 |     1 ||     2
  Use: Scroll            |     1 |     7 |     3 |    18 |    10 |    17 |    13 |    20 |    22 ||   111
       Potion            |       |     3 |     2 |     6 |     5 |    13 |     6 |     6 |    13 ||    54
 Stab: Sleeping          |     6 |     1 |       |       |       |       |     2 |     6 |     1 ||    16
       Distracted        |       |     2 |     1 |     7 |     8 |    22 |    20 |    21 |    23 ||   104
       Paralysed         |       |       |       |    28 |    18 |       |     4 |       |       ||    50
       Invisible         |       |       |       |       |     6 |     3 |       |       |       ||     9
       Confused          |       |       |       |       |       |     1 |       |       |       ||     1
       Held in net/web   |       |       |       |       |       |     1 |       |       |       ||     1
  Eat: Chunk             |     2 |     9 |     6 |       |     2 |       |       |       |       ||    19
       Ration            |       |       |     3 |     9 |     8 |    15 |    11 |     9 |     7 ||    62
Armor: Leather armour    |    45 |    69 |       |       |       |       |       |       |       ||   114
       Plate armour      |       |     6 |   337 |   382 |   280 |   757 |   705 |   334 |    19 ||  2820
       Gold dragon scale |       |       |       |       |       |       |       |   147 |   301 ||   448
Dodge: Dodged            |   130 |   195 |   193 |   246 |   271 |   609 |   515 |   525 |   328 ||  3012
Block: Buckler           |     5 |    57 |   150 |   129 |   127 |       |       |   705 |    85 ||  1258
       Shield            |       |       |       |       |   217 |  2110 |  1568 |   455 |   938 ||  5288
       Reflection        |       |       |       |       |    17 |    89 |    85 |    64 |    39 ||   294
       Rpst.: Eudemon blade |       |       |       |       |       |       |       |     5 |     3 ||     8
